Cogmind - Beta 10.2 @@@ ROGUE MODE // 2021.10.12 @ 19:26:06 Player: Jezoensis Result: Self-destructed Performance ------------- Evolutions (5) 2500 Regions Visited (12) 2400 Robots Destroyed (92) 460 Value Destroyed (2247) 2247 Prototype IDs (33) 660 Alien Tech Used (0) 0 Bonus (1000) 1000 TOTAL SCORE: 9267 Bonus ------- Entered Garrisons 200 Used RIF Installer 500 Aligned with FarCom 300 Cogmind --------- Core Integrity 970/1000 Matter 300/300 Energy 350/350 System Corruption 0% Temperature Cool (0) Movement Flying (20) Location -5/Upper Caves Parts ------- > --- POWER (2) -------- Enhanced Nuclear Core Light Angular Momentum Engine > --- PROPULSION (6) --- Improved Flight Unit Improved Flight Unit Improved VTOL Module Cooled VTOL Module Cooled VTOL Module Cooled VTOL Module > --- UTILITY (7) ------ Advanced Power Amplifier Medium Storage Unit Long-range Terrain Scanner Improved Terrain Scan Processor Advanced Terrain Scan Processor Modified TNC System Shield > --- WEAPON (2) ------- Chainsword > --- INVENTORY (8) ---- Cooled VTOL Module Advanced Power Amplifier Matter Compressor (161) Triangulator Advanced Terrain Scanner Advanced Terrain Scanner Improved Transmission Jammer Great Axe Peak State ------------ > --- POWER ------------ Enhanced Nuclear Core Light Angular Momentum Engine > --- PROPULSION ------- Improved Flight Unit Improved Flight Unit Improved VTOL Module Cooled VTOL Module Cooled VTOL Module Cooled VTOL Module > --- UTILITY ---------- Advanced Power Amplifier Medium Storage Unit Improved Terrain Scan Processor Advanced Terrain Scan Processor Modified TNC Improved Medium Armor Plating System Shield > --- WEAPON ----------- Chainsword Great Axe > --- INVENTORY -------- Cooled VTOL Module Advanced Power Amplifier Matter Compressor Triangulator Advanced Terrain Scanner Advanced Terrain Scanner Long-range Terrain Scanner Improved Transmission Jammer [Rating: 74] Favorites ----------- Power Ion Engine Engine Ion Engine Power Core Light Nuclear Core Propulsion Light Treads Treads Light Treads Hover Unit Aerolev Unit Flight Unit Improved Flight Unit Utility Large Storage Unit Device Advanced Heat Sink Storage Large Storage Unit Processor Improved Terrain Scan Processor Hackware System Shield Protection Light Armor Plating Weapon Heavy EM Pulse Gun Energy Gun Heavy EM Pulse Gun Energy Cannon Light EM Pulse Cannon Ballistic Gun Heavy Assault Rifle Special Weapon Mining Laser Slashing Weapon Great Axe Build | -11 -10 -10 -10 -9 -8 -8 -8 -7 -6 -5 -5 -5 ------- Run | Scr Mat Min Exi Min Mat Gar Mat Fac Fac Fac Upp Upp Slots Evolved 10 | . . . . . 4 . . 2 2 2 . . Power 1 | . . . . . . . . . 1 . . . Propulsion 4 | . . . . . 1 . . 1 1 1 . . Utility 5 | . . . . . 3 . . 1 . 1 . . Weapon . | . . . . . . . . . . . . . Parts Attached 147 | 7 8 1 1 . 22 25 25 30 18 10 . . Power 12 | 1 1 . . . . 2 2 1 4 1 . . Engine 9 | 1 1 . . . . 2 2 . 2 1 . . Core 3 | . . . . . . . . 1 2 . . . Reactor . | . . . . . . . . . . . . . Propulsion 30 | 2 1 1 . . 5 4 4 10 2 1 . . Treads 20 | 2 1 1 . . 4 4 4 4 . . . . Leg . | . . . . . . . . . . . . . Wheel . | . . . . . . . . . . . . . Hover 1 | . . . . . 1 . . . . . . . Flight 9 | . . . . . . . . 6 2 1 . . Utility 65 | 2 2 . 1 . 9 14 8 13 10 6 . . Device 34 | 1 . . . . 4 6 5 8 6 4 . . Storage 8 | 1 2 . 1 . 1 1 1 1 . . . . Processor 6 | . . . . . . . 2 2 2 . . . Hackware 1 | . . . . . . . . 1 . . . . Protection 16 | . . . . . 4 7 . 1 2 2 . . Artifact . | . . . . . . . . . . . . . Weapon 40 | 2 4 . . . 8 5 11 6 2 2 . . Energy Gun 15 | 2 2 . . . 5 2 2 2 . . . . Energy Cannon 1 | . . . . . . . 1 . . . . . Ballistic Gun 13 | . 1 . . . 3 3 5 1 . . . . Ballistic Cannon . | . . . . . . . . . . . . . Launcher . | . . . . . . . . . . . . . Special Weapon 4 | . 1 . . . . . 3 . . . . . Impact Weapon . | . . . . . . . . . . . . . Slashing Weapon 7 | . . . . . . . . 3 2 2 . . Piercing Weapon . | . . . . . . . . . . . . . Special Melee Weapon . | . . . . . . . . . . . . . Unidentified Prototypes 8 | . . . . . 2 . 1 2 1 2 . . Parts Lost 24 | . . . . 1 2 14 4 2 . 1 . . Power 2 | . . . . . . 1 . . . 1 . . Propulsion 7 | . . . . . 1 4 2 . . . . . Utility 6 | . . . . . . 5 1 . . . . . Weapon 9 | . . . . 1 1 4 1 2 . . . . Highest Loss Streak 10 | . . . . 1 1 10 2 1 . 1 . . Average Slot Usage (%) 96 | . 99 100 100 97 91 92 97 98 92 89 94 94 Engine 8 | . 14 14 14 14 9 7 8 3 2 . 5 5 Core 1 | . . . . . . . . 3 5 5 5 5 Treads 20 | . 28 28 28 28 27 24 25 15 . . . . Flight 7 | . . . . . . . . 14 30 34 35 35 Device 9 | . 7 . . . 11 12 16 10 5 10 11 11 Storage 17 | . 20 28 28 28 18 16 19 13 6 5 5 5 Processor 6 | . . . . . . . 3 16 20 17 17 17 Hackware 1 | . . . . . . . . 2 6 5 5 5 Protection 3 | . . . . . 7 13 5 . . . . . Energy Gun 8 | . 13 14 14 14 14 2 4 6 . . . . Ballistic Gun 7 | . 13 14 14 12 3 15 9 . . . . . Slashing Weapon 2 | . . . . . . . . 7 12 6 5 5 Naked Turns . | . . . . . . . . . . . . . Heaviest Build 65 | 12 27 27 35 35 53 65 59 53 35 33 33 33 Greatest Support 94 | 40 40 40 40 40 60 73 73 94 32 33 33 33 Greatest Overweight (x) 1 | . . . . . . 1 1 1 1 . . . Average Overweight (x) . | . . . . . . . . . . . . . Largest Inventory Capacity 20 | 6 12 12 14 14 16 16 16 20 8 8 8 8 Average Capacity 12 | 5 9 12 12 14 15 14 16 12 8 8 8 8 Most Carried 16 | 4 12 12 14 14 16 16 16 16 8 8 8 8 Average Carried 11 | 2 8 12 12 14 14 12 13 12 7 7 8 8 Final Capacity 16 | 6 12 12 14 14 16 16 16 8 8 8 8 8 Final Carried 16 | 4 12 12 14 14 16 12 16 8 8 8 8 8 Class Distribution -------------------- 32% | Mutant 22% | Scavenger-Mutant 13% | Scout 12% | Scavenger-Skirmisher 8% | Assassin 8% | Skirmisher Dominant Class ---------------- Mutant | -10/Materials Scavenger-Mutant | -10/Mines Scavenger-Mutant | -10/Exiles Mutant | -9/Mines Scavenger-Skirmisher | -8/Materials Scavenger-Mutant | -8/Garrison Scavenger-Mutant | -8/Materials Assassin | -7/Factory Scout | -6/Factory Scout | -5/Factory Scout | -5/Upper Caves Assassin | -5/Upper Caves Resources | -11 -10 -10 -10 -9 -8 -8 -8 -7 -6 -5 -5 -5 ----------- Run | Scr Mat Min Exi Min Mat Gar Mat Fac Fac Fac Upp Upp Matter Collected 2367 | 270 179 10 10 12 170 530 415 335 170 240 26 . Remotely 229 | . . . . . . 139 90 . . . . . Salvage Created 3878 | 170 546 . . 58 354 662 725 645 491 206 . 21 Parts 217 | 13 31 . . 9 18 38 47 29 22 8 . 2 Haulers Intercepted 7 | . 2 . . . . . 2 1 1 1 . . Recyclers Shooed 5 | . 1 . . . . . 3 . 1 . . . Parts Field Recycled . | . . . . . . . . . . . . . Retrieved Matter . | . . . . . . . . . . . . . Parts Self-Destructed 1 | . . . . . . . . . . . . 1 Prevented 2 | . . . . . . . . . . . 2 . Kills | -11 -10 -10 -10 -9 -8 -8 -8 -7 -6 -5 -5 -5 ------- Run | Scr Mat Min Exi Min Mat Gar Mat Fac Fac Fac Upp Upp Combat Hostiles Destroyed 48 | . 7 . . 4 5 15 7 7 1 1 . 1 Melee 4 | . . . . . . . . 1 1 1 . 1 Guns 36 | . 6 . . 4 3 15 4 4 . . . . Cannons 2 | . . . . . . . 2 . . . . . AOE 1 | . 1 . . . . . . . . . . . Classes Destroyed 12 | 3 3 . . 1 2 1 2 . . . . . Worker 7 | 1 1 . . . . . . . 3 2 . . Builder 9 | . . . . . . . 6 1 2 . . . Tunneler 5 | 3 . . . . . . . 1 1 . . . Hauler 7 | . 2 . . . . . 2 1 1 1 . . Recycler 8 | 1 1 . . . . . 3 2 1 . . . Operator 1 | . . . . . . . 1 . . . . . Watcher 7 | . 2 . . . 2 . . . 3 . . . Swarmer 11 | . . . . 4 . 4 2 . . . . 1 Grunt 26 | . 7 . . . . 8 5 4 1 1 . . Sentry 9 | . . . . . 4 2 . 3 . . . . Hunter 1 | . . . . . 1 . . . . . . . Behemoth 1 | . . . . . . 1 . . . . . . Best Kill Streak 6 | 2 4 . . 4 2 5 6 3 3 2 . 1 Combat Bots Only 5 | . 2 . . 4 2 5 3 2 1 1 . 1 Max Kills in Single Turn 2 | 1 2 . . 1 1 2 2 1 1 1 . 1 Gunslinging 1 | . . . . . . 1 . . . . . . Exploded 1 | . 1 . . . . . . . . . . . Melee 1 | . . . . . . . . 1 1 1 . 1 Uniques/NPCs Destroyed . | . . . . . . . . . . . . . Combat | -11 -10 -10 -10 -9 -8 -8 -8 -7 -6 -5 -5 -5 -------- Run | Scr Mat Min Exi Min Mat Gar Mat Fac Fac Fac Upp Upp Damage Taken 4773 | . 263 . . 152 440 2498 481 569 80 172 . 118 Core 599 | . 28 . . 33 80 321 58 43 6 . . 30 Absorbed by Shields . | . . . . . . . . . . . . . Core Remaining (%) 76 | 100 . . . 75 . . 16 93 99 . . . Volleys Fired 209 | 15 34 . . 4 18 53 57 28 . . . . Largest 2 | 2 2 . . 2 2 2 2 2 . . . . Hottest 100 | 90 100 . . 68 90 90 100 90 . . . . Shots Fired 399 | 30 67 . . 8 35 105 103 51 . . . . Gun 372 | 30 66 . . 8 35 105 77 51 . . . . Cannon 15 | . . . . . . . 15 . . . . . Launcher . | . . . . . . . . . . . . . Special 12 | . 1 . . . . . 11 . . . . . Kinetic 199 | . 33 . . 4 2 88 65 7 . . . . Thermal 32 | 15 1 . . . . 5 11 . . . . . Explosive . | . . . . . . . . . . . . . Electromagnetic 168 | 15 33 . . 4 33 12 27 44 . . . . Robot Hit Streak 29 | 5 8 . . 4 14 17 29 23 . . . . Robot Miss Streak 4 | 4 3 . . 1 2 2 3 2 . . . . Penetration Max . | . . . . . . . . . . . . . Secondary Targets 5 | . . . . 1 . 3 1 . . . . . Max Gunslinging Chain 1 | . . . . 1 . 1 1 . . . . . Shots Hit Robots 330 | 15 37 . . 5 28 84 64 57 26 12 . 2 Core Hits 122 | 6 15 . . 4 10 30 24 17 10 5 . 1 Critical Hits 3 | . . . . . . 2 . 1 . . . . Critical Kills . | . . . . . . . . . . . . . Critical Parts Destroyed 1 | . . . . . . . . 1 . . . . Melee Attacks 98 | . . . . . . . . 31 48 16 . 3 Impact . | . . . . . . . . . . . . . Slashing 98 | . . . . . . . . 31 48 16 . 3 Piercing . | . . . . . . . . . . . . . Sneak Attacks 23 | . . . . . . . . 7 13 3 . . Combat Hostiles . | . . . . . . . . . . . . . Follow-up Attacks 7 | . . . . . . . . 4 3 . . . Damage Inflicted 8752 | 198 678 . . 76 586 1363 1151 1849 2126 657 . 68 Guns 4111 | 198 586 . . 76 462 1363 788 638 . . . . Cannons 325 | . . . . . . . 325 . . . . . Explosions 254 | . 92 . . . 124 . 38 . . . . . Melee 4062 | . . . . . . . . 1211 2126 657 . 68 Ramming . | . . . . . . . . . . . . . Kinetic 2213 | . 254 . . 35 16 1182 614 112 . . . . Thermal 409 | 111 92 . . . 124 44 38 . . . . . Explosive . | . . . . . . . . . . . . . Electromagnetic 2068 | 87 332 . . 41 446 137 499 526 . . . . Impact . | . . . . . . . . . . . . . Slashing 4062 | . . . . . . . . 1211 2126 657 . 68 Piercing . | . . . . . . . . . . . . . Highest Corruption . | . . . . . . . . . . . . . Average Corruption . | . . . . . . . . . . . . . Corruption Purged . | . . . . . . . . . . . . . Overload Shots . | . . . . . . . . . . . . . Overflow Damage 1400 | . . . . . . . . 617 783 . . . Projectiles . | . . . . . . . . . . . . . Explosions . | . . . . . . . . . . . . . Melee 1400 | . . . . . . . . 617 783 . . . Knockbacks . | . . . . . . . . . . . . . Impact . | . . . . . . . . . . . . . Kinetic . | . . . . . . . . . . . . . Secondary . | . . . . . . . . . . . . . Self-Inflicted Damage 172 | . 53 . . . 100 . 19 . . . . . Shots 3 | . 1 . . . 1 . 1 . . . . . Rammed . | . . . . . . . . . . . . . Targets Rammed . | . . . . . . . . . . . . . Kicked . | . . . . . . . . . . . . . Crushed . | . . . . . . . . . . . . . Highest Temperature 439 | 290 105 . . 24 439 58 . 1 63 5 104 116 Average Temperature 48 | 118 29 . . 12 95 15 . 1 8 2 49 50 Received Heat Transfer 1413 | . 87 . . 21 90 729 252 156 24 54 . . Effects 3 | . . . . . 3 . . . . . . . Interference 3 | . . . . . 3 . . . . . . . Siege Activations . | . . . . . . . . . . . . . Robots Corrupted 5 | . . . . . 2 . 1 2 . . . . Combat Hostiles 5 | . . . . . 2 . 1 2 . . . . Parts Fried 9 | . 1 . . . 3 . 2 3 . . . . Impact Corruptions . | . . . . . . . . . . . . . Robots Melted . | . . . . . . . . . . . . . Combat Hostiles . | . . . . . . . . . . . . . Parts Melted . | . . . . . . . . . . . . . Heat Transferred 694 | 333 100 . . . 100 111 50 . . . . . Parts Sabotaged . | . . . . . . . . . . . . . Parts Stolen . | . . . . . . . . . . . . . Parts Stripped . | . . . . . . . . . . . . . Power Chain Reactions 5 | . 2 . . . 2 . 1 . . . . . Missiles Intercepted . | . . . . . . . . . . . . . Alert | -11 -10 -10 -10 -9 -8 -8 -8 -7 -6 -5 -5 -5 ------- Run | Scr Mat Min Exi Min Mat Gar Mat Fac Fac Fac Upp Upp Peak Influence 414 | 25 168 65 . 90 279 331 414 270 335 197 . . Initial 161 | . 16 65 . . 31 51 161 101 102 84 . . Average 152 | 9 92 65 . 30 103 186 262 157 216 132 . . Maximum Alert Level 2 | . . . . . 1 1 2 1 1 . . . Low Security (%) 69 | 100 100 100 . 100 92 63 9 78 29 100 . . Level 1 30 | . . . . . 7 36 88 21 70 . . . Level 2 . | . . . . . . . 2 . . . . . Level 3 . | . . . . . . . . . . . . . Level 4 . | . . . . . . . . . . . . . Level 5 . | . . . . . . . . . . . . . High Security . | . . . . . . . . . . . . . Max Security . | . . . . . . . . . . . . . Squads Dispatched 15 | . 2 . . . . . 4 6 2 1 . . Investigation 6 | . 1 . . . . . 1 2 2 . . . Extermination . | . . . . . . . . . . . . . Reinforcement 8 | . 1 . . . . . 2 4 . 1 . . Assault . | . . . . . . . . . . . . . Garrison 1 | . . . . . . . 1 . . . . . Intercept . | . . . . . . . . . . . . . Construction Impeded 1 | . . . . . . . . 1 . . . . Haulers Reinforced 2 | . . . . . . . . 1 . 1 . . Stealth | -11 -10 -10 -10 -9 -8 -8 -8 -7 -6 -5 -5 -5 --------- Run | Scr Mat Min Exi Min Mat Gar Mat Fac Fac Fac Upp Upp Distress Signals 2 | . . . . . . . 2 . . . . . Communications Jammed 3 | . . . . . . . . . 3 . . . Distress Signals 3 | . . . . . . . . . 3 . . . Times Spotted 84 | . 12 . . 9 7 15 12 12 9 3 . 5 Peak Tracking Total 6 | . 3 . . 5 2 6 3 3 3 2 . 5 Tactical Retreats 6 | . 1 . . . . . 1 . 2 1 . 1 Traps | -11 -10 -10 -10 -9 -8 -8 -8 -7 -6 -5 -5 -5 ------- Run | Scr Mat Min Exi Min Mat Gar Mat Fac Fac Fac Upp Upp Traps Triggered 5 | . 1 . . . . 2 . . 1 1 . . Indirectly . | . . . . . . . . . . . . . Trap Hack Attempts . | . . . . . . . . . . . . . Triggered . | . . . . . . . . . . . . . Disarmed . | . . . . . . . . . . . . . Reprogrammed . | . . . . . . . . . . . . . Reused . | . . . . . . . . . . . . . Traps Extracted . | . . . . . . . . . . . . . Installed . | . . . . . . . . . . . . . Triggered . | . . . . . . . . . . . . . Machines | -11 -10 -10 -10 -9 -8 -8 -8 -7 -6 -5 -5 -5 ---------- Run | Scr Mat Min Exi Min Mat Gar Mat Fac Fac Fac Upp Upp Machines Disabled 4 | . 2 . . . 1 . 1 . . . . . Max in Single Turn 1 | . 1 . . . 1 . 1 . . . . . Garrison Access 4 | . . . . . . . . 2 2 . . . Machines Sabotaged . | . . . . . . . . . . . . . Garrisons Compromised . | . . . . . . . . . . . . . Overloaded Fab Kills . | . . . . . . . . . . . . . Fab Network Shutdowns . | . . . . . . . . . . . . . Hacking | -11 -10 -10 -10 -9 -8 -8 -8 -7 -6 -5 -5 -5 --------- Run | Scr Mat Min Exi Min Mat Gar Mat Fac Fac Fac Upp Upp Machines Accessed 27 | . 5 . 1 . 4 . 2 6 7 2 . . Terminals 21 | . 5 . . . 3 . 2 4 5 2 . . Fabricators . | . . . . . . . . . . . . . Repair Stations . | . . . . . . . . . . . . . Recycling Units . | . . . . . . . . . . . . . Scanalyzers . | . . . . . . . . . . . . . Garrison Access 5 | . . . . . 1 . . 2 2 . . . Total Hacks 84 | . 22 . 1 . 11 . 8 11 17 14 . . Successful 37 | . 13 . 1 . 2 . 4 5 5 7 . . Failed 46 | . 8 . . . 9 . 4 6 12 7 . . Catastrophic 7 | . . . . . 1 . . 2 1 3 . . Database Lockouts 1 | . 1 . . . . . . . . . . . Manual 62 | . 18 . 1 . 9 . 8 7 9 10 . . Terminals 77 | . 22 . . . 9 . 8 9 15 14 . . Fabricators . | . . . . . . . . . . . . . Repair Stations . | . . . . . . . . . . . . . Recycling Units . | . . . . . . . . . . . . . Scanalyzers . | . . . . . . . . . . . . . Garrison Access 6 | . . . . . 2 . . 2 2 . . . Terminal Hacks 17 | . 6 . 1 . 1 . 3 1 1 4 . . Part Schematic 3 | . 2 . . . . . . . . 1 . . Robot Analysis 1 | . . . . . 1 . . . . . . . Prototype ID Bank 1 | . 1 . . . . . . . . . . . Level Access Points 2 | . . . . . . . 1 1 . . . . Branch Access Points 1 | . . . . . . . . . . 1 . . Terminal Index 3 | . 1 . . . . . 1 . . 1 . . Locate Traps 4 | . 2 . . . . . . . 1 1 . . Zone Layout 1 | . . . . . . . 1 . . . . . EX-Prototype ID Bank 1 | . . . 1 . . . . . . . . . Fabricator Hacks . | . . . . . . . . . . . . . Repair Station Hacks . | . . . . . . . . . . . . . Recycling Unit Hacks . | . . . . . . . . . . . . . Scanalyzer . | . . . . . . . . . . . . . Garrison Access Hacks 5 | . . . . . 1 . . 2 2 . . . Unlock Access 1 | . . . . . 1 . . . . . . . Seal Access 4 | . . . . . . . . 2 2 . . . Unauthorized Hacks 15 | . 7 . . . . . 1 2 2 3 . . Terminals 15 | . 7 . . . . . 1 2 2 3 . . Track 3 | . 3 . . . . . . . . . . . Botnet 9 | . 2 . . . . . 1 2 2 2 . . Disrupt 1 | . 1 . . . . . . . . . . . Operators 2 | . 1 . . . . . . . . 1 . . Fabricators . | . . . . . . . . . . . . . Repair Stations . | . . . . . . . . . . . . . Recycling Units . | . . . . . . . . . . . . . Scanalyzers . | . . . . . . . . . . . . . Garrison Access . | . . . . . . . . . . . . . Data Cores Recovered . | . . . . . . . . . . . . . Used . | . . . . . . . . . . . . . Hacking Detections 21 | . 5 . . . 3 . 2 4 5 2 . . Full Trace Events 5 | . 1 . . . 1 . . 2 1 . . . Feedback Events . | . . . . . . . . . . . . . Feedback Blocked . | . . . . . . . . . . . . . Robot Schematics Acquired . | . . . . . . . . . . . . . Robots Built . | . . . . . . . . . . . . . Matter . | . . . . . . . . . . . . . Time . | . . . . . . . . . . . . . Total Robot Build Rating . | . . . . . . . . . . . . . Part Schematics Acquired 3 | . 2 . . . . . . . . 1 . . Parts Built . | . . . . . . . . . . . . . Matter . | . . . . . . . . . . . . . Time . | . . . . . . . . . . . . . Total Part Build Rating . | . . . . . . . . . . . . . Parts Repaired . | . . . . . . . . . . . . . Time . | . . . . . . . . . . . . . Parts Recycled . | . . . . . . . . . . . . . Recycled Matter . | . . . . . . . . . . . . . Retrieved Matter . | . . . . . . . . . . . . . Retrieved Components . | . . . . . . . . . . . . . Parts Scanalyzed . | . . . . . . . . . . . . . Part Schematics Acquired . | . . . . . . . . . . . . . Parts Damaged . | . . . . . . . . . . . . . Bothacking | -11 -10 -10 -10 -9 -8 -8 -8 -7 -6 -5 -5 -5 ------------ Run | Scr Mat Min Exi Min Mat Gar Mat Fac Fac Fac Upp Upp Used RIF Installer 1 | . . . . . . 1 . . . . . . Robots Hacked . | . . . . . . . . . . . . . Non-combat . | . . . . . . . . . . . . . Combat . | . . . . . . . . . . . . . Robot Hacks Applied . | . . . . . . . . . . . . . Relay Couplers Released . | . . . . . . . . . . . . . Robots Rewired . | . . . . . . . . . . . . . Allies Hacked . | . . . . . . . . . . . . . Hacks Repelled . | . . . . . . . . . . . . . Allies | -11 -10 -10 -10 -9 -8 -8 -8 -7 -6 -5 -5 -5 -------- Run | Scr Mat Min Exi Min Mat Gar Mat Fac Fac Fac Upp Upp Total Allies . | . . . . . . . . . . . . . Largest Group . | . . . . . . . . . . . . . Highest-Rated Group . | . . . . . . . . . . . . . Highest-Rated Ally . | . . . . . . . . . . . . . Total Orders . | . . . . . . . . . . . . . Ally Attacks . | . . . . . . . . . . . . . Total Damage . | . . . . . . . . . . . . . Kills . | . . . . . . . . . . . . . Allies Corrupted . | . . . . . . . . . . . . . Allies Melted . | . . . . . . . . . . . . . Intel | -11 -10 -10 -10 -9 -8 -8 -8 -7 -6 -5 -5 -5 ------- Run | Scr Mat Min Exi Min Mat Gar Mat Fac Fac Fac Upp Upp Robot Analysis Total 1 | . . . . . 1 . . . . . . . Derelict Logs Recovered 3 | . . 1 . 2 . . . . . . . . Drone Launches . | . . . . . . . . . . . . . Drone Recoveries . | . . . . . . . . . . . . . Exploration | -11 -10 -10 -10 -9 -8 -8 -8 -7 -6 -5 -5 -5 ------------- Run | Scr Mat Min Exi Min Mat Gar Mat Fac Fac Fac Upp Upp Turns Passed 4155 | 140 570 160 412 72 539 424 535 644 427 125 66 41 Spaces Moved 3186 | 53 269 99 255 38 269 147 166 581 716 226 247 120 Core 3 | 3 . . . . . . . . . . . . Treads 1445 | 50 269 99 255 38 269 147 166 152 . . . . Legs . | . . . . . . . . . . . . . Wheels . | . . . . . . . . . . . . . Hover . | . . . . . . . . . . . . . Flight 1738 | . . . . . . . . 429 716 226 247 120 Fastest Speed 17 | 50 160 160 160 160 160 160 150 26 17 20 20 20 Average Speed 85 | 153 160 160 160 160 160 160 158 59 24 24 20 20 Slowest Speed 180 | 160 160 160 160 160 160 180 180 152 91 26 20 20 Overloaded Moves 20 | . . . . . . . . . 20 . . . Propulsion Burnouts . | . . . . . . . . . . . . . Robots Hopped . | . . . . . . . . . . . . . Cave-ins Triggered . | . . . . . . . . . . . . . Exploration Rate (%) 27 | 5 46 18 68 14 23 38 18 19 25 6 52 22 Regions Visited 12 Branch Regions 5 Pre-discovered Areas . | . . . . . . . . . . . . . Known Exits Taken 4 | . . . . . 1 . 1 1 . 1 . . Unknown Exits Taken 7 | 1 1 1 1 1 . . . . 1 . 1 . Scrap Searched 2 | . . . . . . . . . . . 2 . Spaces Dug 40 | . 1 . . . . . 11 10 17 1 . . Terrain Destroyed 82 | . 9 . . . 31 . 14 10 17 1 . . Melee 28 | . . . . . . . . 10 17 1 . . Projectile 12 | . 1 . . . . . 11 . . . . . AOE 42 | . 8 . . . 31 . 3 . . . . . Terrain Rammed . | . . . . . . . . . . . . . Walls Destroyed . | . . . . . . . . . . . . . Machines Disabled . | . . . . . . . . . . . . . Actions | -11 -10 -10 -10 -9 -8 -8 -8 -7 -6 -5 -5 -5 --------- Run | Scr Mat Min Exi Min Mat Gar Mat Fac Fac Fac Upp Upp Total 4043 | 78 340 100 260 41 345 233 308 784 889 271 262 132 Wait 272 | . 15 . . . 8 . 37 81 95 11 16 9 Move 3173 | 52 268 98 254 37 268 145 165 580 715 225 246 120 Hop . | . . . . . . . . . . . . . Pick Up 73 | 4 9 . 3 . 15 6 14 13 7 2 . . Fast Attach 35 | 7 2 . . . 5 5 4 4 4 4 . . Attach 47 | . . . . . 10 10 5 14 4 4 . . Detach 11 | . 1 . . . 1 . 1 4 1 3 . . Swap 65 | . 6 1 1 . 7 10 16 12 10 2 . . Drop 69 | . 5 . 2 . 13 4 9 22 10 4 . . Fire 209 | 15 34 . . 4 18 53 57 28 . . . . Melee 88 | . . . . . . . . 26 43 16 . 3 Ram . | . . . . . . . . . . . . . Kick . | . . . . . . . . . . . . . Crush . | . . . . . . . . . . . . . Escape Stasis . | . . . . . . . . . . . . . Rewire 1 | . . 1 . . . . . . . . . . Trap . | . . . . . . . . . . . . . Miscellaneous . | . . . . . . . . . . . . . Route ------- -11/Scrapyard -10/Materials (discovered 2 exits: [*Min x2]) -10/Mines -10/Exiles -9/Mines -8/Materials (discovered 3 exits: Fac x2 / Gar) -8/Garrison -8/Materials (discovered 3 exits: *Fac x3) -7/Factory (discovered 4 exits: *Fac x4) -6/Factory (discovered 2 exits: *Fac / *Low) -5/Factory (discovered 4 exits: *Upp x2 / Ext x2) -5/Upper Caves -5/Upper Caves History --------- Turn | Location | Event 8 | -11/Scrapyard | Discovered new exit (range 15) 141 | -11/Scrapyard | Entered Materials 308 | -10/Materials | Build established: Mutant 317 | -10/Materials | Discovered new exit (range 10) 487 | -10/Materials | Discovered new exit (range 16) 649 | -10/Materials | Central database locked down 711 | -10/Materials | Entered Mines 807 | -10/Mines | Learned 8 Materials zone layouts 864 | -10/Mines | Deemed a non-threat by the Exiles lab entrance 864 | -10/Mines | Discovered new exit (range 5) 871 | -10/Mines | Entered Exiles 911 | -10/Exiles | Met 8R-AWN 939 | -10/Exiles | Met EX-HEX 980 | -10/Exiles | Met EX-BIN 999 | -10/Exiles | Aligned with FarCom system 1001 | -10/Exiles | Given EX-Vault access code 1017 | -10/Exiles | Build established: Scavenger-Mutant 1038 | -10/Exiles | Opened EX-Vault 1048 | -10/Exiles | Found Modified TNC 1079 | -10/Exiles | Warned to stay clear of 0b10 Research branches 1181 | -10/Exiles | Met EX-DEC 1268 | -10/Exiles | Discovered new exit (range 11) 1283 | -10/Exiles | Left Exiles lab with Modified TNC 1283 | -10/Exiles | Entered Mines 1303 | -9/Mines | Learned Materials garrison access intel 1340 | -9/Mines | Discovered new exit (range 6) 1343 | -9/Mines | Learned Materials garrison access intel 1355 | -9/Mines | Entered Materials 1355 | -8/Materials | Evolved 4 slots: Propulsion x1, Utility x3 1356 | -8/Materials | Identified exit to Factory 1357 | -8/Materials | Loaded intel: 1 garrison access location 1893 | -8/Materials | Identified exit to Garrison 1894 | -8/Materials | Entered Garrison 1915 | -8/Garrison | Spotted B-75 Beast 1998 | -8/Garrison | Core integrity fell below 50% 2034 | -8/Garrison | Lost 10 parts (1p4n3u2w) 2056 | -8/Garrison | Destroyed B-75 Beast 2213 | -8/Garrison | Triggered checkpoint 2290 | -8/Garrison | Discovered new exit (range 8) 2310 | -8/Garrison | Installed Relay Interface Framework 2318 | -8/Garrison | Entered Materials 2319 | -8/Materials | Loaded intel: 1 garrison access location 2549 | -8/Materials | Garrison activated, responded to threat 2620 | -8/Materials | Core integrity fell below 20% 2853 | -8/Materials | Entered Factory 2853 | -7/Factory | Evolved 2 slots: Propulsion x1, Utility x1 3381 | -7/Factory | Identified exit to Factory 3497 | -7/Factory | Entered another Factory area 3497 | -6/Factory | Evolved 2 slots: Power x1, Propulsion x1 3611 | -6/Factory | Discovered new exit (range 8) 3616 | -6/Factory | Identified exit to Lower Caves 3920 | -6/Factory | Discovered new exit (range 10) 3924 | -6/Factory | Entered another Factory area 3924 | -5/Factory | Evolved 2 slots: Propulsion x1, Utility x1 3947 | -5/Factory | Identified exit to Upper Caves 3947 | -5/Factory | Identified exit to Extension 4049 | -5/Factory | Entered Upper Caves 4103 | -5/Upper Caves | Discovered new exit (range 24) 4115 | -5/Upper Caves | Entered another Upper Caves area 4156 | -5/Upper Caves | Self-destructed Last Messages --------------- 04046_ Acquired Great Axe. 04049_ Acquired 55 matter. LOCATION=UPPER CAVES GOAL=ESCAPE 04052_ Searching scrap... 04052_ Found Tesla Rifle. 04052_ Found Arm. Huge Wheel. 04052_ Found 15 Matter. 04057_ Searching scrap... 04057_ Found System Backup Module. 04057_ Found Neutrino Core. 04057_ Found 26 Matter. 04058_ Acquired 26 matter. 04076_ EZ-SKS(k) breaks down the debris. 04103_ EXIT=FOUND LOCATION=UNKNOWN GOAL=ESCAPE 04116_ Slug penetrates EH-GVG(r). 04149_ S-27 Virus destroyed. 04155_ Autogun fries itself beyond repair. Map ----- +----------------------------------------------------+ | ?? ?????????????#???????#####?### ###????? #?? | | ?????#?? ?###???#######??# ##?## ##?? ? ????## | | ??????????#?????## ###?#?# ### ### ? ?????## | | ?? ???????##???## ##?## ###? ??? ? ?#??# | | ??????? ??#???## #### ##? ?? ?? #??? | | ? ????? ???#???# ###? ? ?? ? ? #?#? | | ??????? ? ????## ## ##?# ? ? ??## | | ?#?? ?? ?????## ########### #### ? ????? ??? | | ????? ??? ##?####?####??#?## ### ?? ? ? ?#? | | ? ????? #?#???#?#??##?## ?? #?? | | ? ????? ? ?#??#####??#???# ### ? #?? | | ?? ? ?? ?? ??#?## ########## #??### #?????# | | ? ?? ??#?##?### ##### ###### ####??? | | ????? #??##??### ### ###?? #?#???? | | ??????######## ### ?? ???#??? | | ? ?? ???#?## #####??? ? ? ?#??? | | ??? ?###??# ###??##?? ?? ? ##?#?? | | ???? ????##?# ###?###? ? ? ????#??? | | ??# ?? ##??# # ##??##? ? ? ????###?? | | ??# ?#???## ## ## ##????? ??? ? #??##?? | | ???? #?##?## ### #### #??#?# ? ? ?????#??? | | ? ?? ?##??### #######?## #?#?? ? ? ? #???#?? | | ?? ?#?##?### ??##?### ###?? ?? ???#????? | | ???##???##?? ??####?### s#??#???? ? ? ??#???? | | ??#?????#? ?###??##ss#?#? ?? ? ?? ???###? | | ?? ?#?#?#?? ?###?#??#@ #?#?? ?? ? ? ##?#? | | ? ? ??? #?#?#?#?# ##? ? ??? ? ? ?????#??? | | #?? ??? ??? ######??#?#####? ? ???#?#???? ???##? | | ????#?##?# #?##?#?###?#?#?#? ? ###??#?????????? | | ???##?#######?##?#??#??#####???##??##?#???####???? | | ????#?###??#??#???##?????#?????###?#??#?##??#???#? | | ??#??###???#?##?#???#?????###??###?#??#?#?###????? | | ???####?#?#?##?##?#???#?####???#?###???##?#?#??#?? | | #????#?##???####??##??#?##?#?####??###??##?#?????? | | ???#???#???#???#?##??####?##?##?##??#####???#?##?? | | ??????#???##?#?#??#?####??????####??##??##???????? | | ????#??#?#?????????#?##????##?????????#????#?????? | | ????????????????###???#????#?????##??#?#?#?#?#???? | | ??????#??#?###?####????#?#??#?##?##?##???????#???? | | ?????????##??#??##??#?#?#??#?#?????#??#???#??????? | | ????????#??????#??#?###?????##???#??###??#?#?????? | | ?????????#?#??????#???###?????????#????#?##??????? | | ????????????????????#?????#?#?????????#??#???????? | | ?????????????#?#?#???????#?#??#????#?????????????? | | ?????????????#????????#?####?#?##??##?##?????????? | | | | | | | | | | | +----------------------------------------------------+ Best States ------------- Heat Dissipation 64 Energy Generation 37 Energy Capacity 350 Matter Stores 500 Matter Capacity 500 Sight Range 16 Terrain Scan Range 24 Terrain Scan Density 310 Jamming Range 12 Power Amplification 50 Armor Coverage 450 Weapon Shielding 66 Evasion (%) 66 Recoil Reduction 4 Defensive Hacking 10 Item Schematics ----------------- Lrg. Storage Unit | -10/Materials | Hacked ECM Suite | -10/Materials | Hacked Lyr. Light Armor Plating | -5/Factory | Hacked Robot Schematics ------------------ None Fabricated ------------ Nothing Alien Tech Used ----------------- None Achievements -------------- None Challenges ------------ None Game ------ Seed KineticGravitonSteel Manual? 0 Play Time 01:56:04 Cumulative 339.2 hours Start 2021.10.11 @ 22:51:17 End 2021.10.12 @ 19:26:06 Sessions 3 Manual Loads 0 Difficulty Rogue Special Mode None Game No. 160 Rogue 45 Adventurer 113 Explorer 2 Win Type - Total 27 Types 24/2/0/0/0/0/0/0/1 Lore% 49 Gallery% 79 Achievement% 55 Wizard Run 0 Options --------- ASCII 0 Keyboard 1 Movement Numpad Keybinds 0 Fullscreen 1 Font 36/TerminusFine Map View 76x50 Tactical HUD 1 Map Filters NONE Filters NONE Steam 1 RUN: 7c318a31-6a67-4379-ad03-5469c063cf28